 Dungeon Crawl Stone Soup version 0.27-a0-1105-g946c659c87 (console) character file.

Game seed: 10401164126343969444

395 jejorda2 the Spear-Bearer (level 6, -3/76 HPs)
             Began as a Merfolk Berserker on Apr 29, 2021.
             Was a Priest of Trog.
             Succumbed to barkas's ghost's poison
             ... on level 5 of the Dungeon.
             The game lasted 00:08:18 (4545 turns).

jejorda2 the Spear-Bearer (Merfolk Berserker)       Turns: 4545, Time: 00:08:18

Health: -3/76      AC: 27    Str: 20    XL:     6   Next: 82%
Magic:  6/6        EV:  2    Int:  6    God:    Trog [***...]
Gold:   226        SH:  0    Dex: 13    Spells: 5/5 levels left

rFire    . . .     SeeInvis .   a - +0 trident
rCold    . . .     Faith    .   (no shield)
rNeg     + + +     Spirit   .   (armour currently unavailable)
rPois    +         Reflect  .   (helmet currently unavailable)
rElec    .         Harm     .   (cloak currently unavailable)
rCorr    .         Rampage  .   (gloves currently unavailable)
Will     .....     NoTele   +   (boots currently unavailable)
Stlth    +.........             j - amulet of the acrobat
HPRegen  0.22/turn              n - +4 ring of protection
MPRegen  0.10/turn              (no ring)

@: mighty, lethally poisoned (-3 -> -28), tree-form, on berserk cooldown, very
slightly contaminated, slowed, invisible, very slow
A: stationary, stasis, torment immunity, boosted hp, (nimble swimmer 2),
(mertail), deterioration 1, MP-powered wands
a: Renounce Religion, Berserk, Trog's Hand


You were on level 5 of the Dungeon.
You worshipped Trog.
Trog was most pleased with you.
You were a tree.
You visited 1 branch of the dungeon, and saw 5 of its levels.

You collected 226 gold pieces.

Inventory:

Hand Weapons
 a - a +0 trident (weapon)
Missiles
 l - 7 boomerangs (quivered)
 r - 15 poisoned darts
Armour
 c - a +2 pair of gloves of dexterity (melded)
 o - a +1 scale mail (melded)
Jewellery
 j - an amulet of the acrobat (around neck)
 n - a +4 ring of protection (left branch)
Scrolls
 f - 2 scrolls of teleportation
 g - 4 scrolls of identify
 m - a scroll of summoning
Potions
 h - 3 potions of flight


   Skills:
 + Level 5.0 Fighting
 * Level 8.1 Polearms
 + Level 2.8 Armour
 - Level 2.6 Dodging


You had 5 spell levels left.
You didn't know any spells.
Your spell library was empty.

Dungeon Overview and Level Annotations

Branches:
Dungeon (5/15)
 Temple: D:4-7

Altars:

Annotations:
D:5 barkas's ghost, novice DrWz


Innate Abilities, Weirdness & Mutations

You are a tree.
Your roots penetrate the ground, keeping you stationary.
You cannot be teleported.
You are immune to unholy pain and torment.
Your maximum health is greatly increased.
Your equipment is partially melded.
((You are quick and stealthy near water. (Stealth+, EV+, Speed+++)))
((Your lower body shifts to a powerful aquatic tail in water.))
Your body sometimes deteriorates upon taking damage.
You expend magic power (3 MP) to strengthen your wands.


Message History

* * * LOW HITPOINT WARNING * * *
Barkas's ghost casts a spell past the white imp.
The ball explodes into a vile cloud!
The stinking cloud engulfs barkas's ghost but does no damage.
The stinking cloud engulfs the white imp but does no damage.
Unknown command.
It was a potion of mutation.
You feel extremely strange.
You feel robust.
You feel frail.
You feel yourself wasting away.
You feel your magical essence link to the dungeon's wands.
Barkas's ghost turns its malevolent gaze towards you.
The white imp gestures at barkas's ghost.
The puff of frost hits barkas's ghost but does no damage.
Barkas's ghost hits you.
* * * LOW HITPOINT WARNING * * *
You are poisoned.
The bullfrog zombie closely misses you.
Unknown command.
Unknown command.
It was a potion of might.
You feel very mighty all of a sudden.
You feel sick. The bullfrog zombie closely misses you. Barkas's ghost hits you.
* * * LOW HITPOINT WARNING * * *
You are lethally poisoned!
The bullfrog zombie hits you but does no damage.
The white imp gestures at you. The puff of frost hits you.
* * * LOW HITPOINT WARNING * * *
Barkas's ghost hits you but does no damage.
You are more poisoned.
Unknown command.
Unknown command.
Unknown command.
Unknown command.
Unknown command.
It was a potion of lignification.
You turn into a tree.
Your +2 pair of gloves of dexterity melds into your body.
Your +1 scale mail melds into your body.
You feel clumsy.
Your roots penetrate the ground.
You die...

######..###...#
..............#
..............#
..#######.....#
# #.#.#.#.#...#
#.....#.#...#
##?...'.#...#
#.|...'.....#
##....'.5.Z♣#
#.[...#.#°W5#
#.#.#.#.'.°.#
#########.°°#
#####


You could see barkas's ghost, 2 white imps and a bullfrog zombie.

Vanquished Creatures
  2 scorpions (D:4)
  A jelly (D:4)
  A bullfrog skeleton (D:3)
  A killer bee zombie (D:5)
  A hound skeleton (D:3)
  4 gnolls (D:3)
  5 adders
  3 worms
  3 dart slugs
  6 orcs
  6 bats
  8 endoplasms
  6 giant cockroaches
  13 goblins
  6 hobgoblins
  2 jackals (D:1)
  5 kobolds
  4 quokkas
  4 ball pythons
  5 frilled lizards
  6 rats
92 creatures vanquished.

Notes
Turn   | Place    | Note
-------+----------+-------------------------------------------
     0 | D:1      | jejorda2 the Merfolk Berserker began the quest for the Orb.
     0 | D:1      | Reached XP level 1. HP: 18/18 MP: 1/1
    53 | D:1      | Reached XP level 2. HP: 24/24 MP: 2/2
   259 | D:1      | Reached skill level 5 in Polearms
   874 | D:1      | Reached XP level 3. HP: 27/29 MP: 3/3
   961 | D:1      | Found a faded altar of an unknown god.
  1183 | D:2      | Reached ** piety under Trog
  1886 | D:2      | Reached XP level 4. HP: 37/37 MP: 4/4
  2193 | D:3      | Reached skill level 6 in Polearms
  2727 | D:3      | Reached XP level 5. HP: 35/42 MP: 5/5
  3142 | D:3      | Reached skill level 7 in Polearms
  3628 | D:4      | Reached XP level 6. HP: 34/49 MP: 6/6
  4208 | D:4      | Reached *** piety under Trog
  4336 | D:4      | Reached skill level 8 in Polearms
  4425 | D:5      | Entered Level 5 of the Dungeon
  4467 | D:5      | Identified a scroll of acquirement
  4467 | D:5      | Acquired a +2 pair of gloves of dexterity
  4493 | D:5      | Found a runed translucent gate.
  4493 | D:5      | Found a runed translucent gate.
  4493 | D:5      | Found a runed translucent gate.
  4494 | D:5      | Noticed barkas's ghost (novice DrWz)
  4509 | D:5      | Reached skill level 5 in Fighting
  4543 | D:5      | Gained mutation: You are robust. (+10% HP) [potion of
                  | mutation]
  4543 | D:5      | Lost mutation: You are robust. (+10% HP) [potion of
                  | mutation]
  4543 | D:5      | Gained mutation: Your body sometimes deteriorates upon
                  | taking damage. [potion of mutation]
  4543 | D:5      | Gained mutation: You expend magic power (3 MP) to
                  | strengthen your wands. [potion of mutation]
  4545 | D:5      | Succumbed to barkas's ghost's poison

Illustrated notes

Levels and vault maps discovered:
D:1:      psy_arrival_spokes, layout_loops_ring, ebering_ecumenical_altar_webs
D:2:      layout_rooms, chequers_serial_rivers_micro_c
D:3:      layout_basic
D:4:      cheibrodos_greedy_goblins, layout_basic, hangedman_decor_push
D:5:      layout_gridville, jmf_multi_god_temple, kennysheep_little_box,
          nicolae_ru_great_annihilating_truth, lemuel_coloured_pillars_altar,
          minmay_temple_entry_ruins, gammafunk_ghost_necromancy

Skill      XL: |  1  2  3  4  5  6 |
---------------+-------------------+-----
Polearms       | 5 6 7 8 |  8.1
Armour         | 2 |  2.8
Fighting       | 4 5 |  5.0
Dodging        | |  2.6

Action                   |  1- 3 |  4- 6 || total
-------------------------+-------+-------++-------
Melee: Spear             |   138 |   197 ||   335
       Trident           |       |    68 ||    68
Invok: Berserk           |     1 |     3 ||     4
       Trog's Hand       |       |     2 ||     2
  Use: Scroll            |       |     8 ||     8
       Potion            |       |     5 ||     5
 Stab: Sleeping          |     4 |       ||     4
       Distracted        |     1 |       ||     1
       Invisible         |       |     6 ||     6
Armor: Animal skin       |    14 |     1 ||    15
       Ring mail         |       |     6 ||     6
       Scale mail        |       |    58 ||    58
Dodge: Dodged            |    49 |   116 ||   165

Table legend: (Time is in decaauts)
 A = Elapsed time spent in this place.
 B = Non-inter-level travel time spent in this place.
 C = Inter-level travel time spent in this place.
 D = Time resting spent in this place.
 E = Time spent auto-exploring this place.
 F = Levels seen in this place.
 G = Mean time per level.
                   A        B        C        D        E       F      G
               +--------+--------+--------+--------+--------+-----+--------+
         Total |   4502 |   4312 |    190 |     86 |   3548 |   5 |  900.4 |
       Dungeon |   4502 |   4312 |    190 |     86 |   3548 |   5 |  900.4 |
               +--------+--------+--------+--------+--------+-----+--------+

Top non-repeatable levels by time:
     D:1: 1578 daAuts
     D:3: 1252 daAuts
     D:4: 992 daAuts
     D:2: 584 daAuts
     D:5: 93 daAuts
